 Dungeon Crawl Stone Soup version 0.20.1-1-g8b1a95d (webtiles) character file.

117 letownia2 the Grave Robber (level 4, -4/36 HPs)
             Began as a Deep Dwarf Necromancer on Nov 12, 2017.
             Slain by Terence
             ... wielding a +0 hand axe
              (7 damage)
             ... on level 3 of the Dungeon.
             The game lasted 00:04:39 (1253 turns).

letownia2 the Grave Robber (Deep Dwarf Necromancer) Turns: 1253, Time: 00:04:40

Health: -4/36      AC:  3    Str: 11    XL:     4   Next: 71%
Magic:  0/7        EV: 12    Int: 17    God:
Gold:   45         SH:  0    Dex: 13    Spells: 3/7 levels left

rFire    . . .     SeeInvis .   d - +0 spear
rCold    . . .     Gourm    .   (no shield)
rNeg     . . .     Faith    .   p - +0 leather armour
rPois    .         Spirit   .   (no helmet)
rElec    .         Reflect  .   (no cloak)
rCorr    .         Harm     .   (no gloves)
MR       +....                  (no boots)
Stlth    ++........             (no amulet)
Regen    0.0/turn               q - ring of protection from magic
MPRegen  0.1/turn               (no ring)

@: non-regenerating
A: damage resistance, heal wounds, sense surroundings 1, no regeneration
a: Heal Wounds


You were on level 3 of the Dungeon.
You were not hungry.

You visited 1 branch of the dungeon, and saw 4 of its levels.

You collected 45 gold pieces.

Inventory:

Hand Weapons
 d - a +0 spear (weapon)
 k - a +3 dagger
 l - a +0 war axe
Armour
 p - a +0 leather armour (worn)
 r - a cursed +0 scale mail
Jewellery
 q - a ring of protection from magic (left hand)
Scrolls
 e - a scroll of enchant weapon {unknown}
 g - a scroll of immolation {unknown}
 h - a scroll of remove curse {unknown}
 m - a scroll of blinking {unknown}
 n - a scroll of recharging {unknown}
Potions
 f - a potion of berserk rage
Books
 b - a book of Necromancy

   Spells                             Type                      Level
   a - Pain                           Necromancy                   1
   b - Animate Skeleton               Necromancy                   1
   c - Vampiric Draining              Necromancy                   3
   d - Regeneration                   Charms/Necromancy            3
   e - Animate Dead                   Necromancy                   4
   f - Control Undead                 Necromancy                   4
Comestibles
 a - 10 chunks of flesh
 c - 2 bread rations
 i - a meat ration
 j - a royal jelly


   Skills:
 - Level 2.1 Dodging
 - Level 2.4 Stealth
 - Level 2.0 Spellcasting
 + Level 6.6 Necromancy


You had 3 spell levels left.
You knew the following spells:

 Your Spells              Type           Power        Failure   Level  Hunger
a - Pain                  Necr           ###.         1%          1    #......
v - Vampiric Draining     Necr           ###.......   4%          3    ###....


Dungeon Overview and Level Annotations

Branches:
Dungeon (4/15)
 Temple: D:4-7

Altars:
Dithmenos
Elyvilon
Makhleb
Zin

Annotations:
D:3 Terence


Innate Abilities, Weirdness & Mutations

You are resistant to damage.
You can heal yourself by infusing magical energy.
You passively map a small area around you.
You do not regenerate.


Message History

Confirm with . or Enter, or press ? or * to list all spells.
Aiming: Pain
Press: ? - help, Shift-Dir - straight line, f/p - Terence
Aim: Terence, wielding a hand axe and wearing a scale mail (almost dead, berserk, fast, unusually strong, chance to defeat MR: 88%) Terence writhes in agony!
Terence barely misses you.
Unknown command.
Unknown command.
Terence hits you but does no damage.
You see here a war axe.
Terence closely misses you.
Items here: ( )) รท a club; a hand axe; 2 tomahawks; an orc skeleton
There is a stone staircase leading down here.
Terence hits you with a hand axe.
* * * LOW HITPOINT WARNING * * *
Items here: )) [[ a whip; a leather armour; a robe; a dagger Unknown command.
Terence hits you with a hand axe!
You die...

# #.# #.# #.# ##
#.########.# #.#
.###..........# #.##
#.############# #..#
#.# ##.# .#### ##.##
###.# ##### ##.#.## #
#.#
#...#########)###.###
,#.# #.#...).@@)>)##
##..##
,#.#####...#########.##
#...# * #........##
##.# #...#* #.########
### ##+## # #.# * ,...
* #.# *,*_..._ ..#
#.....# **### *###+..@
:###


You could see Terence (berserk).

Vanquished Creatures
  A howler monkey (D:3)
  An orc wizard (D:3)
  An adder (D:3)
  A worm (D:3)
  10 orcs (D:3)
  3 bats
  2 giant cockroaches
  3 goblins
  2 hobgoblins
  A quokka (D:3)
  2 kobolds
  4 rats
31 creatures vanquished.

Notes
Turn   | Place    | Note
-------+----------+-------------------------------------------
     0 | D:1      | letownia2 the Deep Dwarf Necromancer began the quest for the Orb.
     0 | D:1      | Reached XP level 1. HP: 15/15 MP: 3/3
   231 | D:1      | Reached XP level 2. HP: 22/22 MP: 1/5
   535 | D:3      | Reached skill level 5 in Necromancy
   635 | D:3      | Found a shadowy altar of Dithmenos.
   728 | D:3      | Found a white marble altar of Elyvilon.
   847 | D:3      | Found a burning altar of Makhleb.
   847 | D:3      | Found a glowing silver altar of Zin.
   847 | D:3      | Noticed Terence
   866 | D:3      | Reached XP level 3. HP: 11/28 MP: 0/6
   888 | D:3      | Learned a level 3 spell: Vampiric Draining
  1067 | D:3      | Reached skill level 6 in Necromancy
  1067 | D:3      | Reached XP level 4. HP: 16/36 MP: 0/7
  1158 | D:4      | Noticed a bullfrog
  1253 | D:3      | Slain by Terence

Skill      XL: |  1  2  3 |
---------------+----------+-----
Spellcasting   | 2 |  2.0
Necromancy     | 5 6 |  6.6
Dodging        | |  2.1
Stealth        | |  2.4

Action                   |  1- 3 |  4- 6 || total
-------------------------+-------+-------++-------
Melee: Spear             |    13 |    15 ||    28
 Cast: Pain              |    44 |     7 ||    51
       Vampiric Draining |     4 |     3 ||     7
 Stab: Sleeping          |     1 |       ||     1
  Eat: Chunk             |     1 |     2 ||     3
Armor: Robe              |     1 |       ||     1
       Leather armour    |     3 |     2 ||     5
Dodge: Dodged            |    39 |    13 ||    52
